 Seeded DCSS version 0.30.0-13-g156ef70053 (webtiles) character file.

Game seed: 1882581695637917331 (custom seed)

4012 bmack86 the Cleaver (level 10, -10/97 HPs)
             Began as a Minotaur Fighter on May 17, 2023.
             Was a Believer of Okawaru.
             Mangled by a gnoll bouda
             ... wielding a +0 halberd
              (14 damage)
             ... in a bailey.
             The game lasted 00:20:55 (6448 turns).

bmack86 the Cleaver (Minotaur Fighter)              Turns: 6448, Time: 00:20:56

Health: -10/97     AC: 19    Str: 24    XL:     10   Next: 3%
Magic:  11/11      EV:  3    Int:  5    God:    Okawaru [**....]
Gold:   391        SH:  0    Dex: 11    Spells: 9/9 levels left

rFire   + . .        a - +0 war axe
rCold   + . .        h - +0 kite shield
rNeg    . . .        J - +0 gold dragon scales
rPois   +            (helmet restricted)
rElec   .            (no cloak)
rCorr   .            l - +2 pair of gloves
SInv    .            s - +0 pair of boots
Will    .....        q - amulet of magic regeneration Stlth
                     (no ring)
HPRegen 0.36/turn    (no ring)
MPRegen 0.52/turn

%: no passive effects
@: confused, mighty, ambrosia-drunk, weakened, studying Fighting
A: horns 2, retaliatory headbutt
a: Renounce Religion, Heroism


You were in a bailey.
You worshipped Okawaru.
Okawaru was pleased with you.
You visited 1 branch of the dungeon, and saw 8 of its levels.
You also visited: Sewer and Bailey.

You collected 391 gold pieces.

Inventory:

Hand Weapons
 a - a +0 war axe (weapon)
Missiles
 f - 3 javelins
 p - 5 boomerangs (quivered)
 E - 3 curare-tipped darts
 G - 3 silver boomerangs
 H - 7 throwing nets
Armour
 b - a +0 scale mail
 c - a +0 buckler
 h - a +0 kite shield (worn)
 l - a +2 pair of gloves (worn)
 s - a +0 pair of boots (worn)
 t - a +2 scale mail of willpower
 J - +0 gold dragon scales (worn)
Jewellery
 q - an amulet of magic regeneration (around neck)
 w - a ring of ice
Wands
 i - a wand of iceblast (9)
 F - a wand of polymorph (7)
Scrolls
 g - 5 scrolls of amnesia
 k - 2 scrolls of magic mapping
 m - 4 scrolls of enchant weapon {unknown}
 o - 2 scrolls of blinking {unknown}
 v - a scroll of brand weapon {unknown}
 x - a scroll of vulnerability {unknown}
 y - 2 scrolls of noise {unknown}
 A - 4 scrolls of immolation {unknown}
 B - 2 scrolls of teleportation {unknown}
 C - 2 scrolls of fear {unknown}
 I - a scroll of torment {unknown}
Potions
 d - 2 potions of might
 e - 2 potions of ambrosia
 j - 3 potions of curing
 n - 2 potions of invisibility
 r - a potion of cancellation
 u - a potion of haste
 z - a potion of flight
 D - a potion of resistance
 K - 2 potions of lignification {unknown}


   Skills:
 + Level 11.9 Fighting
 * Level 12.0 Axes
 + Level 6.8 Throwing
 + Level 5.9 Armour
 + Level 9.2 Shields
 + Level 3.2 Invocations


You had 9 spell levels left.
You didn't know any spells.
Your spell library contained the following spells:

 Spells                   Type           Power      Damage    Failure   Level
 Passage of Golubria      Tloc           0%         N/A       100%        4
 Yara's Violent Unravell  Hex/Tmut       0%         3d3       100%        5
 Tukima's Dance           Hex            Unusable   N/A       N/A         3

Dungeon Overview and Level Annotations

Branches:
Dungeon (8/15)             Temple (0/1) D:7           Sewer (visited)
 Bailey (1/1)
   Lair: D:8-11

Altars:
Cheibriados
Elyvilon
Makhleb
Okawaru
Wu Jian


Innate Abilities, Weirdness & Mutations

You have a pair of horns on your head.
You reflexively headbutt those who attack you in melee.


Message History

The gnoll bouda picks up the pace!
You slash the gnoll sergeant!
The gnoll sergeant is almost dead.
You hit the gnoll sergeant.
The gnoll sergeant is no longer moving quickly.
You block the gnoll sergeant's attack.
You barely miss the gnoll sergeant.
The gnoll sergeant is almost dead.
You slash the gnoll sergeant!
The gnoll sergeant hits you but does no damage.
The gnoll bouda gazes fiercely through you!
You feel as though you will be weak longer.
The gnoll bouda completely misses you.
The gnoll bouda barks out a call to the hunt!
The gnoll sergeant picks up the pace!
You slash the gnoll sergeant!
You kill the gnoll sergeant!
Okawaru accepts your kill.
You hit the gnoll sergeant but do no damage.
You block the gnoll sergeant's attack.
The gnoll bouda hits you but does no damage. x2
Your base Axes skill increases to level 12!
The gnoll bouda gazes fiercely through you!
You feel as though you will be weak longer.
The gnoll bouda hits you from afar with a +0 halberd.
* * * LOW HITPOINT WARNING * * *
The gnoll bouda hits you with a +0 halberd.
* * * LOW HITPOINT WARNING * * *
Unknown command.
You are confused.
You feel invigorated.
The gnoll sergeant hits you with a +0 halberd.
* * * LOW HITPOINT WARNING * * *
The gnoll bouda barely misses you. x2
You're too confused to move!
You feel like a meek peon again.
The gnoll sergeant hits you but does no damage.
The gnoll bouda hits you but does no damage.
The gnoll bouda hits you with a +0 halberd!
You die...

♣≈.. ##...## #..≈..♣♣
♣≈..##+###.....######..≈...♣♣
♣≈......#.......#...'..)....♣♣♣
♣≈....).'...8.))'...'..)...∩..∩
♣≈......#......)#...'...)...♣♣♣
♣≈..##'###.....######..≈...♣♣
♣≈. #..).##...##..+ #..≈...♣ ♣≈
#.....#####...# #..≈...♣ ♣
#..))...'g@g..# #..≈..♣♣
##......#)....# #..≈.♣♣
##.8...#.g.8.# #..≈.♣
#############


You could see a gnoll sergeant (swift) and 2 gnoll boudas.

Vanquished Creatures
  Maggie (D:7)
  Menkaure (D:5)
  Edmund (D:5)
  2 water moccasins
  An orc warrior (D:6)
  A sky beast (D:6)
  A black bear (D:6)
  2 centaurs (D:6)
  4 ogres
  4 wolves (Bailey)
  A phantom (D:4)
  9 kobold brigands (Sewer)
  3 scorpions (D:5)
  2 gnoll sergeants (Bailey)
  2 wights (D:8)
  5 hounds
  A gnoll bouda (Bailey)
  3 jellies (D:6)
  3 orc priests
  Ijyb (D:3)
  A sleepcap (D:6)
  4 iguanas
  Terence (D:3)
  3 orc wizards
  8 gnolls (Bailey)
  13 adders
  3 river rats
  A shadow imp (D:7)
  2 white imps
  4 worms
  3 dart slugs
  13 orcs
  4 bats
  9 endoplasms
  2 giant cockroaches
  10 goblins
  11 hobgoblins
  2 jackals (D:3)
  12 kobolds
  5 quokkas
  5 ball pythons
  2 frilled lizards (D:2)
  9 rats
175 creatures vanquished.

Notes
Turn   | Place    | Note
-------+----------+-------------------------------------------
     0 | D:1      | bmack86 the Minotaur Fighter began the quest for the Orb.
     0 | D:1      | Reached XP level 1. HP: 19/19 MP: 0/0
   398 | D:1      | Reached XP level 2. HP: 27/27 MP: 1/1
   706 | D:1      | Reached skill level 3 in Axes
  1005 | D:2      | Reached XP level 3. HP: 24/33 MP: 2/2
  1223 | D:2      | Reached skill level 1 in Throwing
  1910 | D:3      | Noticed Terence
  1916 | D:3      | Killed Terence
  1917 | D:3      | Reached skill level 4 in Axes
  1917 | D:3      | Reached XP level 4. HP: 35/40 MP: 3/3
  1976 | D:3      | Found an ornate altar of the Wu Jian Council.
  2190 | D:3      | Identified a scroll of acquirement
  2190 | D:3      | Acquired a manual of Fighting
  2278 | D:3      | Noticed Ijyb
  2291 | D:3      | Killed Ijyb
  2398 | D:3      | Reached XP level 5. HP: 46/46 MP: 4/4
  2448 | D:3      | Reached skill level 10 in Fighting
  2448 | D:3      | Reached skill level 10 in Axes
  2448 | D:3      | Reached skill level 5 in Throwing
  2448 | D:3      | Reached XP level 6. HP: 66/66 MP: 5/5
  2826 | D:4      | Found a snail-covered altar of Cheibriados.
  2864 | D:4      | Reached XP level 7. HP: 72/72 MP: 6/6
  2917 | D:4      | Found an iron altar of Okawaru.
  2925 | D:4      | Became a worshipper of Warmaster Okawaru
  3384 | D:5      | Entered Level 5 of the Dungeon
  3384 | D:5      | Noticed Menkaure
  3388 | D:5      | Killed Menkaure
  3602 | D:5      | Noticed Edmund
  3612 | D:5      | Killed Edmund
  3613 | D:5      | Reached skill level 1 in Invocations
  3636 | D:5      | Identified the +1 robe "Cige Wuagaj" {rCorr MP-9 Archmagi}
  3641 | D:5      | Reached XP level 8. HP: 81/81 MP: 7/7
  3648 | D:5      | Reached * piety under Okawaru
  4311 | D:6      | Reached skill level 11 in Axes
  4315 | D:6      | Found a glowing drain.
  4352 | Sewer    | Entered a sewer
  4703 | Sewer    | Reached skill level 5 in Armour
  4725 | Sewer    | Reached ** piety under Okawaru
  4774 | Sewer    | Reached XP level 9. HP: 89/89 MP: 9/9
  5138 | D:6      | Found a burning altar of Makhleb.
  5890 | D:7      | Noticed Maggie
  5908 | D:7      | Killed Maggie
  6021 | D:7      | Found a flagged portal.
  6023 | D:7      | You fall into a shaft and drop 1 floor!
  6052 | D:8      | Found a white marble altar of Elyvilon.
  6184 | Bailey   | Entered a bailey
  6436 | Bailey   | Reached XP level 10. HP: 25/97 MP: 11/11
  6446 | Bailey   | Reached skill level 12 in Axes
  6446 | Bailey   | HP: 2/97 [gnoll bouda/+0 halberd (4)]
  6448 | Bailey   | Mangled by a gnoll bouda

Illustrated notes

Levels and vault maps discovered:
D:1:      dpeg_arrival_erosion, layout_basic
D:2:      layout_basic, minmay_tripent
D:3:      layout_loops_ring, nicolae_wu_jian_wuxing_cycle, serial_bayou_pond_d,
          uniq_ijyb, uniq_terence
D:4:      layout_basic, lemuel_round_altar, kennysheep_slug_shrine,
          minmay_misc_feat_hallway, nicolae_kite_square_tiling_tiny
D:5:      layout_loops_corners, uniq_menkaure, uniq_edmund
D:6:      layout_loops_ring, kennysheep_mini, portal_sewer_entry_c,
          hangedman_decor_lopped, serial_bayou_crossing
D:7:      layout_loops_ring, old_standard_altar, temple_green, enter_bailey_3,
          serial_park_tiny_2, uniq_maggie
D:8:      layout_gridville, elyvilon_altar_4
Bailey:   bailey_polearm_gnolls_kennysheep, bailey

Skill      XL: |  1  2  3  4  5  6  7  8  9 10 |
---------------+-------------------------------+-----
Axes           | 3 4 10 11 12 | 12.0
Shields        | 4 7 8 9 |  9.2
Throwing       | 1 5 6 |  6.8
Fighting       | 4 10 11 | 11.9
Armour         | 4 5 |  5.9
Invocations    | 1 2 3 |  3.2

Action                     |  1- 3 |  4- 6 |  7- 9 | 10-12 || total
---------------------------+-------+-------+-------+-------++-------
  Melee: War axe           |    66 |    63 |   273 |     8 ||   410
         Headbutt          |     7 |    11 |    56 |     2 ||    76
  Throw: Boomerang         |       |       |    12 |       ||    12
 Invoke: Heroism           |       |       |     3 |       ||     3
    Use: Scroll            |     8 |     3 |     4 |       ||    15
         Potion            |       |     1 |     1 |     2 ||     4
 Armour: Scale mail        |    32 |    25 |    73 |       ||   130
         Gold dragon scale |       |       |    69 |     7 ||    76
  Dodge: Dodged            |    31 |    17 |    66 |     6 ||   120
  Block: Buckler           |    10 |       |       |       ||    10
         Kite shield       |     3 |    31 |   151 |    12 ||   197
